 Dungeon Crawl Stone Soup version 0.30.1 (webtiles) character file.

Game seed: 15579244413498114861

7 javelincjr the Caller (level 2, -1/17 HPs)
             Began as an Octopode Summoner on July 3, 2023.
             Succumbed to an adder's poison
             ... on level 2 of the Dungeon.
             The game lasted 00:01:03 (266 turns).

javelincjr the Caller (Octopode Summoner)            Turns: 266, Time: 00:01:04

Health: -1/17      AC:  1    Str:  7    XL:     2   Next: 0%
Magic:  5/5        EV: 10    Int: 17    God:
Gold:   47         SH:  7    Dex: 12    Spells: 4/5 levels left

rFire   . . .        c - +0 dagger
rCold   . . .        b - +0 kite shield
rNeg    . . .        (helmet restricted)
rPois   .            (no amulet)
rElec   .            (no ring)
rCorr   .            (no ring)
SInv    .            (no ring)
Will    .....        (no ring)
Stlth   +++          (no ring)
HPRegen 0.22/turn    (no ring)
MPRegen 0.09/turn    (no ring)
                     (no ring)

%: no passive effects
@: lethally poisoned (-1 -> -10)
A: almost no armour, amphibious, 8 rings, camouflage 1, gelatinous body 1,
(nimble swimmer 1), tentacles
a: no special abilities


You were on level 2 of the Dungeon.
You visited 1 branch of the dungeon, and saw 2 of its levels.

You collected 47 gold pieces.

Inventory:

Hand Weapons
 c - a +0 dagger (weapon)
Armour
 b - a +0 kite shield (worn)
Jewellery
 d - an amulet of magic regeneration
 e - a +6 ring of intelligence
Potions
 a - a potion of magic


   Skills:
 + Level 2.1 Dodging
 + Level 2.9 Stealth
 + Level 0.4 Shields
 + Level 2.1 Spellcasting
 + Level 4.0 Summonings


You had 4 spell levels left.
You knew the following spells:

 Your Spells              Type           Power      Damage    Failure   Level
a - Summon Small Mammal   Summ           60%        N/A       30%         1

Your spell library contained the following spells:

 Spells                   Type           Power      Damage    Failure   Level
 Call Imp                 Summ           30%        N/A       41%         2
 Call Canine Familiar     Summ           15%        N/A       65%         3
 Summon Guardian Golem    Hex/Summ       8%         N/A       91%         3
 Summon Lightning Spire   Summ/Air       8%         N/A       100%        4


Dungeon Overview and Level Annotations

Branches:
Dungeon (2/15)

Altars:

Shops:
D:2 [


Innate Abilities, Weirdness & Mutations

You cannot wear most types of armour.
You are amphibious.
You can wear up to eight rings at the same time.
Your skin changes colour to match your surroundings (Stealth+).
Your rubbery body absorbs attacks. (AC +1, EV +1)
((You are camouflaged when in or above water. (Stealth+)))
You have tentacles for arms and can constrict up to eight enemies at once.


Message History

You open the door.
There is an open door here.
Found 7 stones.
No target in view!
A sourceless malevolence fills the Dungeon...
You fall into a shaft and drop 1 floor!
The shaft crumbles and collapses.
Found Daomuh's Antique Armour Emporium.
There is an entrance to Daomuh's Antique Armour Emporium here.
An adder comes into view.
The adder hisses angrily.
Found a stone staircase leading up.
You closely miss the adder. Your grab misses the adder.
The adder closely misses you. The adder bites you.
You are poisoned.
The adder poisons you!
You barely miss the adder. Your grab misses the adder.
You feel sick. The adder bites you.
You closely miss the adder. Your grab misses the adder.
You feel sick. The adder bites you. x2
* * * LOW HITPOINT WARNING * * *
You are lethally poisoned!
The adder poisons you!
You are too injured to fight recklessly!
You are too injured to fight recklessly!
Unknown command.
You are too injured to fight recklessly!
You hit the adder. Your grab misses the adder.
The adder is moderately wounded.
* * * LOW HITPOINT WARNING * * *
You feel sick. The adder bites you.
* * * LOW HITPOINT WARNING * * *
You are more poisoned.
The adder poisons you! The adder barely misses you.
Okay, then.
You aren't carrying any scrolls.
You barely miss the adder. You grab the adder. You squeeze the adder.
The adder is severely wounded.
You constrict the adder.
You die...

#...... ##.<.#
#.... ..... +..#
#...# #..##
#...#####..∩#
#..........##
##+###..######..#
................#
#.....S@..#####.#
#.........# #.#
#.........# #.#
#.........# #.#
#.........# #.#
##+#......# .#
#.##.### #. ...


You could see an adder.

Vanquished Creatures
  2 ball pythons (D:1)
  A giant cockroach (D:1)
  A hobgoblin (D:1)
  A bat (D:1)
  A goblin (D:1)
6 creatures vanquished.

Notes
Turn   | Place    | Note
-------+----------+-------------------------------------------
     0 | D:1      | javelincjr the Octopode Summoner began the quest for the
                  | Orb.
     0 | D:1      | Reached XP level 1. HP: 11/11 MP: 3/3
   154 | D:1      | Reached XP level 2. HP: 17/17 MP: 5/5
   248 | D:1      | You fall into a shaft and drop 1 floor!
   248 | D:2      | Found Daomuh's Antique Armour Emporium.
   266 | D:2      | Succumbed to an adder's poison

Illustrated notes

Levels and vault maps discovered:
D:1:      dpeg_arrival_boxorama, layout_loops_corners, serial_shops, shop,
          serial_park_tiny_1
D:2:      layout_basic, serial_shops, nicolae_shop_just_a_little_nook,
          uniq_natasha, uniq_terence

Action                     || total
---------------------------++-------
  Melee: Dagger            ||    15
         Constrict         ||     3
         Tentacles         ||     3
         Unarmed           ||     2
   Stab: Sleeping          ||     4
 Armour: Skin              ||     4
  Dodge: Dodged            ||    10
  Block: Kite shield       ||     3
